 Dungeon Sprint DCSS version 0.31-a0-75-g6fe912e8c5 (webtiles) character file.

Game seed: 14069687668399153879

49 sircluck the Ruffian (level 3, -2/38 (39) HPs)
             Began as a Troll Berserker on May 23, 2023.
             Was a Follower of Trog.
             Slain by a kobold brigand
             ... wielding a +0 short sword
              (7 damage)
             ... in the Dungeon (Sprint VII: "The Pits").
             The game lasted 00:00:16 (27 turns).

sircluck the Ruffian (Troll Berserker)                Turns: 27, Time: 00:00:18

HP:   -2/38 (39)    AC:  4    Str: 27    XL:     3   Next: 51%
MP:   2/2           EV: 10    Int:  3    God:    Trog [*.....]
Gold: 0             SH:  0    Dex:  9    Spells: 2/2 levels left

rFire   . .          .
                       - Unarmed
rCold   . . .        (no shield)
rNeg    . . .        a - +0 animal skin
rPois   .            (helmet restricted)
rElec   .            (no cloak)
rCorr   .            (gloves unavailable)
SInv    .            (boots unavailable)
Will    .....        (no amulet)
Stlth   +            (no ring)
HPRegen 1.06/turn    (no ring)
MPRegen 0.08/turn

%: no teleportation
@: on berserk cooldown, slowed, lightly drained, very slow
A: large, unfitting armour, claws 3, regeneration 1, shaggy fur 1, tough skin 1
a: Renounce Religion, Berserk


You were in the Dungeon.
You worshipped Trog.
Trog was aware of your devotion.
You visited 1 branch

Inventory:

Armour
 a - a +0 animal skin (worn)
Scrolls
 g - a scroll of blinking
Potions
 b - a potion of curing
 c - a potion of heal wounds
 d - a potion of haste
 e - 2 potions of magic
 f - a potion of berserk rage


   Skills:
 + Level 4.1 Fighting
 + Level 4.1 Dodging
 + Level 5.0 Unarmed Combat


You had 2 spell levels left.
You didn't know any spells.
Your spell library was empty.

Dungeon Overview and Level Annotations

Branches:
Dungeon (1/1)

Altars:


Innate Abilities, Weirdness & Mutations

You are too large for most types of armour.
You have claws for hands.
Your natural rate of healing is unusually fast.
You are covered in fur. (AC +1)
You have tough skin. (AC +1)


Message History

There is an open door to the Entrance Hall (Safe) here.
The wight attacks as you move away! The wight barely misses you.
A red film seems to cover your vision as you go berserk!
You feel yourself moving faster!
You feel mighty! The wight hits you with a +0 war axe!
* * * LOW HITPOINT WARNING * * *
You barely miss the wight. You mangle the wight!!
You destroy the wight!
Trog accepts your kill.
Your life force feels restored.
Your Fighting skill gained 2 levels and is now at level 4!
Your Dodging skill gained 2 levels and is now at level 4!
Your Unarmed Combat skill gained 2 levels and is now at level 5!
You have reached level 2!
You have reached level 3!
Your experience leads to an increase in your attributes!
Increase (S)trength, (I)ntelligence, or (D)exterity?
You feel stronger. x3
Unknown command.
You slam the door shut with a bang, pushing everything out of the way!
Things that are here:
a +0 robe; a +0 war axe You start resting.
You feel a strong urge to attack something.
You start resting.
A wight opens the door.
It is wielding a +1 trident of protection.
You feel your anger nearly subside.
There is an open door to the Entrance Hall (Safe) here.
You closely miss the wight.
You are no longer berserk.
You are exhausted.
You feel yourself slow down.
You closely miss the wight.
The wight hits you with a +1 trident of protection.
* * * LOW HITPOINT WARNING * * *
You feel drained.
* * * LOW HITPOINT WARNING * * *
The kobold brigand hits you with a +0 short sword!
You die...

##########++######
#................#
#......#..#......#
#................+
+................+
#....z.#..#......#
#...zKz.z........#
####@#####''######
#...[...##''#
#.......##.zK.
#.......##....#
#...<...##...##
#.......##..##
#.......##.z#
#.......#
#########


You could see a kobold brigand and 4 wights.

Vanquished Creatures
  A wight (D)
1 creature vanquished.

Notes
Turn   | Place    | Note
-------+----------+-------------------------------------------
     0 | D        | sircluck the Troll Berserker began the quest for the Orb.
     0 | D        | Reached XP level 1. HP: 22/22 MP: 0/0
    11 | D        | Noticed a kobold brigand
    11 | D        | Noticed a wight
    11 | D        | Noticed a wight
    11 | D        | Noticed a wight
    12 | D        | Noticed a wight
    12 | D        | Noticed a wight
    21 | D        | Killed a wight
    22 | D        | Reached skill level 5 in Unarmed Combat
    22 | D        | Reached XP level 2. HP: 12/32 MP: 1/1
    22 | D        | Reached XP level 3. HP: 14/39 MP: 2/2
    27 | D        | Slain by a kobold brigand

Illustrated notes

Levels and vault maps discovered:
D:        pitsprint [storerooms_1, entrance_room_1, metal_vault_6, armoury_1,
          mini_pit_1, grid_room_1, main_hall_1, silver_pit, the_coven_3,
          the_vestibule_1, steel_vault_2, golden_pit, hallway_of_sentries,
          crystal_vault_1, iron_vault_2, final_vault]

Skill      XL: |  1 |
---------------+----+-----
Fighting       | 4 |  4.1
Dodging        | 4 |  4.1
Unarmed Combat | 5 |  5.0

Action                     || total
---------------------------++-------
  Melee: Unarmed           ||     4
 Invoke: Berserk           ||     1
  Dodge: Dodged            ||     1

Table legend: (Time is in decaauts)
 A = Elapsed time spent in this place.
 B = Non-inter-level travel time spent in this place.
 C = Inter-level travel time spent in this place.
 D = Time resting spent in this place.
 E = Time spent auto-exploring this place.
 F = Levels seen in this place.
 G = Mean time per level.
                   A        B        C        D        E       F      G
               +--------+--------+--------+--------+--------+-----+--------+
         Total |     24 |     24 |      0 |      1 |     11 |   1 |   24.0 |
       Dungeon |     24 |     24 |      0 |      1 |     11 |   1 |   24.0 |
               +--------+--------+--------+--------+--------+-----+--------+

Top non-repeatable levels by time:
       D: 24 daAuts
